 Dungeon Crawl Stone Soup version 0.17-a0-2070-g2a5e0a8 (webtiles) character file.

26079 Ordine the Warrior (level 12, 0/123 HPs)
             Began as a Minotaur Berserker on Oct 14, 2015.
             Was the Champion of Trog.
             Slain by a death yak (17 damage)
             ... on level 5 of the Lair of Beasts.
             The game lasted 00:57:33 (14207 turns).

Ordine the Warrior (Minotaur Berserker)            Turns: 14207, Time: 00:57:33

Health: 0/123      AC: 18    Str: 22    XL:     12   Next: 95%
Magic:  11/11      EV: 19    Int:  6    God:    Trog [******]
Gold:   757        SH:  0    Dex: 20    Spells: 0 memorised, 11 levels left

rFire  + . .     SeeInvis .     f - +0 morningstar
rCold  . . .     Clarity  .     p - +2 ring mail of Divine Intervention {rPois rF+ MR+ Stlth+}
rNeg   . . .     SustAt   .     (no shield)
rPois  +         Gourm    .     (helmet unavailable)
rElec  .         Spirit   .     b - +2 cloak {MR+}
rCorr  .         Warding  .     z - +1 pair of gloves
rMut   .         Stasis   .     e - +0 pair of boots {run}
MR     +++..                    (no amulet)
Stlth  +++.......               C - +3 ring of dexterity
                                B - ring of protection from magic

@: exhausted, about to teleport, slowed, very slow, extremely resistant to
hostile enchantments, fairly stealthy
A: retaliatory headbutt, horns 3, talons 1, slimy green scales 1, thin skeletal
structure 1, clever 1
a: Burn Spellbooks, Berserk, Trog's Hand, Brothers in Arms, Renounce Religion


You were on level 5 of the Lair of Beasts.
You worshipped Trog.
Trog was exalted by your worship.
You were hungry.

You visited 3 branches of the dungeon, and saw 15 of its levels.
You also visited: Sewer.

You collected 757 gold pieces.

Inventory:

Hand Weapons
 f - a +0 morningstar (weapon)
Armour
 b - a +2 cloak of magic resistance (worn)
 e - a +0 pair of boots of running (worn)
 p - the +2 ring mail of Divine Intervention (worn) {rPois rF+ MR+ Stlth+}
   (You found it on level 4 of the Dungeon)

   It protects you from fire.
   It protects you from poison.
   It affects your resistance to hostile enchantments.
   It makes you more stealthy.
 z - a +1 pair of gloves (worn)
Jewellery
 t - an uncursed ring of protection from cold
 y - an uncursed ring of sustain attributes
 B - a ring of protection from magic (left hand)
 C - a +3 ring of dexterity (right hand)
Wands
 h - a wand of fire (6)
Scrolls
 d - 6 scrolls of identify
 i - 4 scrolls of teleportation
 n - 3 scrolls of remove curse
 o - a scroll of fog
 s - a scroll of immolation
 H - 2 scrolls of blinking
Potions
 c - a potion of agility
 g - 4 potions of heal wounds
 j - 2 potions of flight
 m - 8 potions of curing
Comestibles
 a - a slice of pizza
 k - 2 meat rations
 l - 3 beef jerkies
 q - 5 fruits
 r - a royal jelly
 u - a bread ration
 v - a chunk of flesh


   Skills:
 + Level 16.3 Fighting
 - Level 14.0 Maces & Flails
 - Level 10.1 Armour
 - Level 10.1 Dodging


You had 11 spell levels left.
You didn't know any spells.

Dungeon Overview and Level Annotations

Branches:
Dungeon (9/15)             Temple (1/1) D:7            Lair (5/8) D:8
 Shoals (0/4) Lair:3          Orc (0/4) D:9
  Snake: Lair:3-6    Spider: Lair:3-6

Altars:
Ashenzari
Cheibriados
Dithmenos
Elyvilon
Fedhas
Gozag
Kikubaaqudgha
Makhleb
Nemelex Xobeh
Okawaru
Qazlal
Ru
Sif Muna
Trog
Vehumet
Xom
Yredelemnul
Zin
The Shining One


Innate Abilities, Weirdness & Mutations

You reflexively headbutt those who attack you in melee.
You have a pair of large horns on your head.
You have sharp toenails.
You are partially covered in slimy green scales (AC +2).
You have a somewhat thin skeletal structure (Dex +2, Stealth).
Your mind is acute. (Int +2)


Message History

Unknown command.
You are no longer berserk.
You are exhausted.
You feel yourself slow down.
You are feeling hungry.
The death yak gores you but does no damage.
Eat a chunk of flesh? (ye/n/q/i?)
Okay, then.
Unknown command.
Drink which item? (? for menu, Esc to quit)
You feel much better. The death yak gores you. The death yak gores you.
The death yak gores you!
* * * LOW HITPOINT WARNING * * *
The death yak gores you!
* * * LOW HITPOINT WARNING * * *
Read which item? (? for menu, Esc to quit)
As you read the scroll of teleportation, it crumbles to dust.
You feel strangely unstable. The death yak completely misses you.
The death yak gores you!
You die...

.8......#.P####
#.....######
#.†##.#..#.## #
........##.......#.#
.#..#..###........###
#....###...........#
....#.#.............#
...#.#..............#
..#......@....%......#
.........YY..........#
#.......†.........##
..................#
####..............#
##..†.........#.
#=.††..........
##.............
#.............


You could see 2 death yaks.

Vanquished Creatures
  The ghost of krfreak the Blocker, a journeyman FoFi of Ru (Lair:1)
  2 hydras
  10 death yaks
  Nergalle (Lair:1)
  3 black mambas
  A siren (Lair:3)
  7 spiny frogs
  A fire drake (Lair:2)
  A kobold demonologist (D:9)
  5 komodo dragons
  3 blink frogs (Lair:4)
  A trapdoor spider zombie (D:8)
  6 yaks (Lair:1)
  2 basilisks
  A hungry ghost (D:7)
  20 wolves
  Grum (Lair:1)
  The ghost of P0WERM0DE the Covert, an amateur OpEn (D:4)
  6 hippogriffs
  3 ice beasts
  10 water moccasins
  2 orc warriors
  Duvessa (D:4)
  2 sky beasts
  4 ogres
  A black bear (D:8)
  7 porcupines
  An eye of draining (D:9)
  A centaur (D:8)
  A necrophage (D:5)
  A phantom (D:4)
  4 crocodiles
  2 big kobolds (Sewer)
  11 giant frogs
  Dowan (D:4)
  2 scorpions (D:8)
  A wyvern skeleton (D:6)
  3 killer bees (D:7)
  6 crimson imps
  3 jellies
  A giant frog zombie (D:6)
  A gnoll shaman (D:5)
  3 orc priests
  A giant frog skeleton (D:6)
  10 orc wizards
  Crazy Yiuf (D:4)
  11 iguanas
  6 hounds
  2 worker ants
  A killer bee zombie (D:9)
  A hound skeleton (D:7)
  A worker ant zombie (D:6)
  19 adders
  8 gnolls
  29 river rats
  A shadow imp (D:6)
  2 oozes (D:3)
  2 worms
  4 giant geckos
  39 orcs
  9 ball pythons
  15 bats
  7 giant cockroaches
  10 hobgoblins
  3 jackals (D:1)
  9 quokkas
  4 giant newts
  6 goblins
  A jackal skeleton (D:4)
  18 kobolds
  A quokka zombie (D:5)
  26 rats
  9 plants (D:8)
401 creatures vanquished.

Vanquished Creatures (others)
  A fungus (Lair:1)
  5 plants
6 creatures vanquished.

Grand Total: 407 creatures vanquished

Notes
Turn   | Place    | Note
--------------------------------------------------------------
     0 | D:1      | Ordine the Minotaur Berserker began the quest for the Orb.
     0 | D:1      | Reached XP level 1. HP: 19/19 MP: 0/0
    67 | D:1      | Reached skill level 4 in Maces & Flails
   130 | D:1      | Reached XP level 2. HP: 21/26 MP: 1/1
   282 | D:1      | Reached skill level 5 in Maces & Flails
   554 | D:2      | Reached XP level 3. HP: 17/31 MP: 2/2
   555 | D:2      | Reached ** piety under Trog
   934 | D:2      | Found a glowing golden altar of the Shining One.
   934 | D:2      | Found a glowing silver altar of Zin.
   934 | D:2      | Found a white marble altar of Elyvilon.
  1195 | D:2      | Reached XP level 4. HP: 39/39 MP: 3/3
  1200 | D:2      | Reached skill level 6 in Maces & Flails
  1847 | D:3      | Found a burning altar of Makhleb.
  1848 | D:3      | Found a radiant altar of Vehumet.
  1911 | D:3      | Found an opulent altar of Gozag.
  2004 | D:3      | Reached *** piety under Trog
  2036 | D:3      | Reached XP level 5. HP: 45/45 MP: 4/4
  2077 | D:3      | Reached skill level 7 in Maces & Flails
  2099 | D:3      | Found a deep blue altar of Sif Muna.
  2100 | D:3      | Found a bloodstained altar of Trog.
  2469 | D:4      | Noticed Dowan
  2471 | D:4      | Noticed Duvessa
  2480 | D:4      | Killed Duvessa
  2480 | D:4      | Reached skill level 8 in Maces & Flails
  2483 | D:4      | Killed Dowan
  2483 | D:4      | Reached XP level 6. HP: 51/51 MP: 5/5
  2504 | D:4      | Noticed P0WERM0DE's ghost (amateur OpEn)
  2562 | D:4      | Got a spiked ring mail
  2574 | D:4      | Identified the +2 ring mail of Divine Intervention {rPois rF+ MR+ Stlth+} (You found it on level 4 of the Dungeon)
  2616 | D:4      | Noticed an ogre
  2624 | D:4      | Killed an ogre
  2624 | D:4      | Reached skill level 9 in Maces & Flails
  3125 | D:4      | Reached XP level 7. HP: 57/57 MP: 6/6
  3127 | D:4      | Killed P0WERM0DE's ghost
  3127 | D:4      | Reached skill level 10 in Maces & Flails
  3300 | D:4      | Reached **** piety under Trog
  3352 | D:4      | Noticed Crazy Yiuf
  3360 | D:4      | Killed Crazy Yiuf
  3948 | D:4      | Noticed a phantom
  3955 | D:4      | Killed a phantom
  3955 | D:4      | Reached skill level 11 in Maces & Flails
  4086 | D:5      | Entered Level 5 of the Dungeon
  4133 | D:5      | Reached XP level 8. HP: 39/64 MP: 7/7
  4318 | D:5      | Found a glowing drain.
  4373 | Sewer    | Entered a sewer
  4482 | Sewer    | Reached skill level 12 in Maces & Flails
  4551 | Sewer    | Reached ***** piety under Trog
  5205 | D:5      | Reached skill level 13 in Maces & Flails
  5522 | D:5      | You fall through a shaft!
  5522 | D:6      | Found a snail-covered altar of Cheibriados.
  5603 | D:5      | Gained mutation: Your spells are a little easier to cast, but a little less powerful. [potion of mutation]
  5603 | D:5      | Gained mutation: You have sharp toenails. [potion of mutation]
  5603 | D:5      | Gained mutation: Your mind is acute. (Int +2) [potion of mutation]
  5604 | D:5      | Gained mutation: You have a pair of large horns on your head. [potion of mutation]
  5604 | D:5      | Gained mutation: You have a somewhat thin skeletal structure (Dex +2, Stealth). [potion of mutation]
  5604 | D:5      | Gained mutation: You are partially covered in slimy green scales (AC +2). [potion of mutation]
  5836 | D:6      | Found a blossoming altar of Fedhas.
  5842 | D:6      | Found a shattered altar of Ashenzari.
  6103 | D:6      | Reached XP level 9. HP: 48/70 MP: 8/8
  6299 | D:6      | Reached skill level 14 in Maces & Flails
  6303 | D:6      | Lost mutation: Your spells are a little easier to cast, but a little less powerful. [mutagenic meat]
  6543 | D:7      | Reached skill level 5 in Fighting
  6817 | D:7      | Got a jewelled long sword
  6818 | D:7      | Identified the cursed +1 long sword of Ukhloonta {freeze, rElec rC+ MR- Dex+2} (You found it on level 7 of the Dungeon)
  7235 | D:7      | Found a staircase to the Ecumenical Temple.
  7242 | Temple   | Entered the Ecumenical Temple
  7663 | D:8      | Reached skill level 10 in Fighting
  7731 | D:8      | Reached XP level 10. HP: 74/93 MP: 9/9
  7750 | D:8      | Found a staircase to the Lair.
  7772 | D:8      | Noticed a komodo dragon
  8379 | D:8      | Killed a komodo dragon
  8446 | D:9      | Reached ****** piety under Trog
  8489 | D:9      | Received a gift from Trog
  8581 | D:9      | Found a glowing golden altar of the Shining One.
  8597 | D:9      | Reached skill level 5 in Armour
  8732 | D:9      | Found a staircase to the Orcish Mines.
  8995 | Lair:1   | Entered Level 1 of the Lair of Beasts
  8998 | Lair:1   | Reached skill level 5 in Dodging
  9014 | Lair:1   | Noticed krfreak's ghost (journeyman FoFi)
  9028 | Lair:1   | Killed krfreak's ghost
  9145 | Lair:1   | Noticed Grum
  9152 | Lair:1   | Killed Grum
  9189 | Lair:1   | Noticed a black mamba
  9195 | Lair:1   | Killed a black mamba
  9369 | Lair:1   | Noticed a death yak
  9374 | Lair:1   | Noticed a death yak
  9376 | Lair:1   | Noticed a death yak
  9376 | Lair:1   | Noticed Nergalle
  9389 | Lair:1   | Killed Nergalle
  9389 | Lair:1   | Reached XP level 11. HP: 99/99 MP: 10/10
  9392 | Lair:1   | Killed a death yak
  9402 | Lair:1   | Killed a death yak
  9405 | Lair:1   | Killed a death yak
  9571 | Lair:1   | Reached skill level 10 in Armour
  9971 | Lair:1   | Reached skill level 10 in Dodging
 10332 | Lair:1   | Noticed a six-headed hydra
 10598 | Lair:1   | Killed a six-headed hydra
 11120 | Lair:2   | Received a gift from Trog
 11120 | Lair:2   | Reached XP level 12. HP: 100/112 MP: 11/11
 11635 | Lair:2   | Identified a +0 pair of boots of running (You found it on level 2 of the Lair of Beasts)
 12144 | Lair:3   | Found a staircase to the Shoals.
 12980 | Lair:4   | Noticed an eight-headed hydra
 12986 | Lair:4   | Killed an eight-headed hydra
 13375 | Lair:4   | Reached skill level 15 in Fighting
 13919 | Lair:5   | Received a gift from Trog
 14185 | Lair:5   | Reached skill level 16 in Fighting
 14207 | Lair:5   | Slain by a death yak

Vault maps used:
D:1:      matt_arrival_los_fun, minmay_box_of_dots
D:2:      wad_pebble_path, good_gods_mini_temple
D:3:      lemuel_doored_altar, nicolae_overflow_hidden_temple,
          minmay_misc_feat_square, kennysheep_another_room,
          minmay_misc_feat_pillars, minmay_distorted
D:4:      first_bread, fountainhead, uniq_duvessa, uniq_crazy_yiuf_cottage
D:5:      gup_sewer_entry_glass
D:6:      nicolae_overflow_crystal_walls, minitemple
D:7:      minmay_temple_entry_enclosed_plants
D:8:      david_lair_shrubbed
D:9:      orc_0_dummy, tso_metal_star
Temple:   temple_eino_lava_8
Lair:1:   uniq_grum, uniq_nergalle
Lair:3:   minmay_shoals_entry_lonely_mermaid, bh_autumn_forest_stairs
Lair:5:   guppyfry_snake_entry_island, grunt_megastairs_2
Sewer:    sewer_minmay_treatment

Action                   |  1- 3 |  4- 6 |  7- 9 | 10-12 || total
-------------------------+-------+-------+-------+-------++-------
Melee: Mace              |    84 |    30 |       |       ||   114
       Flail             |       |    92 |   197 |       ||   289
       Morningstar       |       |       |   156 |   489 ||   645
Invok: Berserk           |       |     3 |       |    11 ||    14
       Burn Spellbooks   |       |     1 |     3 |     2 ||     6
       Trog's Hand       |       |       |       |     1 ||     1
  Use: Scroll            |       |    15 |    11 |     8 ||    34
       Potion            |       |       |     4 |     2 ||     6
 Stab: Sleeping          |       |       |    12 |    11 ||    23
       Distracted        |       |       |       |     1 ||     1
  Eat: Chunk             |     1 |     8 |    21 |    22 ||    52
       Meat ration       |       |       |       |     1 ||     1
       Beef jerky        |       |       |       |     2 ||     2
       Fruit             |       |       |       |     1 ||     1
